 Dungeon Crawl Stone Soup version 0.22-a0-553-g9358b0b (webtiles) character file.

85 raistware the Conjurer (level 4, 0/30 HPs)
             Began as a Mummy Conjurer on June 25, 2018.
             Shot with a stone by a goblin (1 damage)
             ... on level 3 of the Dungeon.
             The game lasted 00:09:20 (2467 turns).

raistware the Conjurer (Mummy Conjurer)             Turns: 2467, Time: 00:09:21

Health: 0/30       AC:  2    Str: 11    XL:     4   Next: 25%
Magic:  1/8        EV: 12    Int: 15    God:
Gold:   74         SH:  0    Dex: 12    Spells: 2/8 levels left

rFire    x . .     SeeInvis .   c - +0 dagger
rCold    + . .     Gourm    .   (no shield)
rNeg     + + +     Faith    .   g - +0 robe (curse)
rPois    ∞         Spirit   .   (no helmet)
rElec    .         Reflect  .   (no cloak)
rCorr    .         Harm     .   (no gloves)
MR       .....                  (no boots)
Stlth    ++........             (no amulet)
HPRegen  0.10/turn              d - ring of flight
MPRegen  0.11/turn              (no ring)

@: no status effects
A: no food or potions, fire vulnerability, cold resistance 1, negative energy
resistance 3, torment resistance, unbreathing
a: Evoke Flight


You were on level 3 of the Dungeon.
You were not hungry.

You visited 1 branch of the dungeon, and saw 3 of its levels.

You collected 74 gold pieces.

Inventory:

Hand Weapons
 c - a +0 dagger (weapon)
Missiles
 f - 17 poisoned needles
Armour
 a - a +0 robe
 g - a cursed +0 robe (worn)
Jewellery
 d - a ring of flight (left hand)
Scrolls
 b - 2 scrolls of blinking
 e - 3 scrolls of identify
 h - a scroll of teleportation {unknown}
 j - a scroll of remove curse {unknown}
 k - a scroll of enchant weapon {unknown}
 l - a scroll of fog {unknown}
 m - a scroll of magic mapping {unknown}


   Skills:
 - Level 2.0 Dodging
 - Level 1.5 Stealth
 + Level 2.8 Spellcasting
 * Level 4.6 Conjurations


You had 2 spell levels left.
You knew the following spells:

 Your Spells              Type           Power        Failure   Level  Hunger
a - Magic Dart            Conj           ###.         3%          1    N/A
b - Searing Ray           Conj           ###...       4%          2    N/A
c - Dazzling Spray        Conj/Hex       #.....       24%         3    N/A

Your spell library contained the following spells:

 Spells                   Type           Power        Failure   Level  Hunger
 Iskenderun's Mystic Bla  Conj           ###.....     30%         4    N/A
 Fulminant Prism          Conj/Hex       #.........   61%         4    N/A
 Force Lance              Conj/Tloc      #.......     61%         4    N/A

Dungeon Overview and Level Annotations

Branches:
Dungeon (3/15)

Altars:


Innate Abilities, Weirdness & Mutations

You do not eat or drink.
Your flesh is vulnerable to fire.
You are immune to poison.
Your flesh is cold resistant. (rC+)
You are immune to negative energy. (rN+++)
You are immune to unholy pain and torment.
You can survive without breathing.


Message History

Confirm with . or Enter, or press ? or * to list all spells.
Aiming: Searing Ray (safe; 4% risk of failure)
Press: ? - help, Shift-Dir - straight line, p - orc The searing ray hits the orc.
You kill the orc! (Press . to maintain the ray.)
The searing ray misses the orc. x2; The searing ray hits the orc.
The orc is severely wounded.
The orc hits you from afar with a trident!
* * * LOW HITPOINT WARNING * * *
The orc hits you with a mace!
* * * LOW HITPOINT WARNING * * *
The searing ray misses the orc.
The searing ray hits the orc.
You kill the orc!
Without enough magic to sustain it, your searing ray dissipates.
The orc barely misses you.
A goblin comes into view. It is wielding a club.
The goblin unwields an uncursed club.
The goblin wields a hunting sling.
The goblin shoots a stone.
The stone hits you.
You die...

.# #..##...####..#
.# ##.##........#
.# #.g####'#####
.# #.......# .#
#....##.# ##
#.#..##.#
####.#(.##.#
+.......##.#
####.##.@#.#######
#.(....)...%....#
#...###)#o#####.
#...# #.#o# #####
#...# ##(.# #(.#
##># #.#


You could see 2 orcs and a goblin.

Vanquished Creatures
  2 adders (D:2)
  A worm (D:3)
  A dart slug (D:1)
  3 orcs (D:3)
  2 ball pythons
  9 bats
  3 giant cockroaches (D:3)
  9 goblins
  5 hobgoblins
  3 jackals (D:1)
  6 kobolds
  A frilled lizard (D:1)
  8 rats
53 creatures vanquished.

Notes
Turn   | Place    | Note
-------+----------+-------------------------------------------
     0 | D:1      | raistware the Mummy Conjurer began the quest for the Orb.
     0 | D:1      | Reached XP level 1. HP: 13/13 MP: 4/4
   253 | D:1      | Reached XP level 2. HP: 19/19 MP: 3/5
  1272 | D:2      | Reached XP level 3. HP: 24/24 MP: 5/7
  1276 | D:2      | Learned a level 2 spell: Searing Ray
  1280 | D:2      | Learned a level 3 spell: Dazzling Spray
  1317 | D:2      | Reached skill level 4 in Conjurations
  2148 | D:3      | Reached XP level 4. HP: 30/30 MP: 8/8
  2460 | D:3      | HP: 1/30 [orc/mace (7)]
  2467 | D:3      | Shot with a stone by a goblin

Vault maps used:
D:1:      lemuel_arrival_room
D:2:      kennysheep_generic_room_13
D:3:      gammafunk_temple_overflow_statue

Skill      XL: |  1  2  3 |
---------------+----------+-----
Dodging        | 2 |  2.0
Conjurations   | 4 |  4.6
Stealth        | |  1.5
Spellcasting   | |  2.8

Action                   |  1- 3 |  4- 6 || total
-------------------------+-------+-------++-------
Melee: Dagger            |    21 |     1 ||    22
       Unarmed           |     2 |       ||     2
Throw: Javelin           |    19 |    16 ||    35
 Cast: Magic Dart        |    90 |    13 ||   103
       Searing Ray       |     1 |     1 ||     2
  Use: Scroll            |     2 |       ||     2
 Stab: Sleeping          |     1 |       ||     1
Armor: Robe              |    13 |       ||    13
Dodge: Dodged            |    43 |     8 ||    51

Table legend:
 A = Spawn XP
 B = Non-spawn XP
 C = Spawn XP percentage of total XP
 D = Spawn monster count
 E = Non-spawn monster count
 F = Spawn count percentage of total count
 G = Total turns spent on level
                    A         B        C        D         E        F      G
               +---------+---------+-------+---------+---------+-------+---------
         Total |       0 |     122 |   0.0 |       0 |      53 |   0.0 |  2467
               +---------+---------+-------+---------+---------+-------+---------
           D:1 |       0 |      39 |   0.0 |       0 |      23 |   0.0 |  1267
           D:2 |       0 |      45 |   0.0 |       0 |      14 |   0.0 |   624
           D:3 |       0 |      38 |   0.0 |       0 |      16 |   0.0 |   576
               +---------+---------+-------+---------+---------+-------+---------
